 Dungeon Crawl Stone Soup version 0.27-a0-1136-g0b992a5a9d (webtiles) character file.

Game seed: 14017074007176923699

1248 jestyr24 the Thaumaturge (level 8, -7/50 HPs)
             Began as a Djinni Air Elementalist on May 4, 2021.
             Was a Follower of Makhleb.
             Shot with an arrow by a centaur (11 damage)
             ... on level 6 of the Dungeon.
             The game lasted 00:21:45 (8053 turns).

jestyr24 the Thaumaturge (Djinni Air Elementalist)  Turns: 8053, Time: 00:21:46

Health: -7/50      AC:  2    Str:  7    XL:     8   Next: 50%
Gold:   420        EV: 13    Int: 19    God:    Makhleb [*.....] SH:  0 Dex: 20

rFire    + + .     SeeInvis .   (no weapon)
rCold    x . .     Faith    .   (no shield)
rNeg     . . .     Spirit   .   a - +0 robe
rPois    ∞         Reflect  .   (no helmet)
rElec    .         Harm     .   (no cloak)
rCorr    .         Rampage  .   (no gloves)
Will     .....                  (boots unavailable)
Stlth    ++........             (no amulet)
HPRegen  0.16/turn              f - +6 ring of dexterity
MPRegen  0.00/turn              (no ring)

@: flying
A: sickness immunity, fire resistance 2, cold vulnerability 1, float, innate
caster, hp casting, extra vitality 1
a: Renounce Religion


You were on level 6 of the Dungeon.
You worshipped Makhleb.
Makhleb was aware of your devotion.
You visited 2 branches of the dungeon, and saw 7 of its levels.

You collected 420 gold pieces.

Inventory:

Hand Weapons
 b - a +0 short sword
 c - a +2 whip of electrocution
 r - a +1 hand crossbow of freezing
Missiles
 l - 26 poisoned darts
Armour
 a - a +0 robe (worn)
 j - a +0 buckler
 t - a +0 kite shield
 w - the +11 plate armour "Zitry" {Rampage rCorr Int+2}
   (You found it on level 4 of the Dungeon)

   It affects your intelligence (+2).
   It protects you from acid and corrosion.
   It bestows one free step when moving towards enemies.
Jewellery
 f - a +6 ring of dexterity (left hand)
Scrolls
 d - 3 scrolls of fear
 e - 2 scrolls of teleportation
 g - a scroll of identify
Potions
 h - 2 potions of curing
 k - a potion of haste {unknown}
 m - 2 potions of attraction
 o - a potion of mutation {unknown}
 q - 2 potions of heal wounds
 u - a potion of brilliance {unknown}
 x - a potion of invisibility {unknown}


   Skills:
 - Level 2.9 Dodging
 - Level 2.4 Stealth
 - Level 1.8 Shields
 + Level 8.3 Spellcasting


You had 2 spell levels left.
You knew the following spells:

 Your Spells              Type           Power      Damage    Failure   Level
a - Shock                 Conj/Air       100%       1d9       1%          1
b - Static Discharge      Conj/Air       39%        N/A       1%          2
c - Swiftness             Air            39%        N/A       1%          3
d - Airstrike             Air            19%        N/A       2%          4
e - Lightning Bolt        Conj/Air       19%        1d34      8%          5
f - Summon Small Mammal   Summ           100%       N/A       1%          1
g - Wereblood             Tmut           39%        N/A       1%          2
h - Inner Flame           Hex/Fire       39%        N/A       1%          3
Your spell library was empty.

Dungeon Overview and Level Annotations

Branches:
Dungeon (6/15)             Temple (1/1) D:5

Altars:
Ashenzari
Hepliaklqana
Makhleb
Xom
Zin

Annotations:
D:6 Menkaure


Innate Abilities, Weirdness & Mutations

You are immune to sickness and miasma.
You are immune to poison.
Your flesh is very heat resistant. (rF++)
You are vulnerable to cold. (rC-)
You float through the air rather than walking.
You learn spells naturally, not from books.
Your magical power is your life essence.
You have superior vitality. (+4 HP)


Message History

Aim: an iguana (wandering, hasn't noticed you)
The air twists around and strikes the iguana!
The iguana hisses angrily.
The iguana is almost dead.
Casting: Airstrike (dangerous; 3% risk of failure)
Confirm with . or Enter, or press ? or * to list all spells.
Aiming: Airstrike (dangerous; 3% risk of failure)
Press: ? - help, Dir - move target, f/p - iguana
Aim: an iguana (almost dead)
The air twists around and strikes the iguana!
You kill the iguana!
Makhleb accepts your kill.
Casting: Airstrike (dangerous; 3% risk of failure)
Confirm with . or Enter, or press ? or * to list all spells.
Aiming: Airstrike (dangerous; 3% risk of failure)
Press: ? - help, Dir - move target, f - centaur skeleton
Aim: a centaur skeleton (heavily damaged, wandering, hasn't noticed you)
The air twists around and strikes the centaur skeleton!
You destroy the centaur skeleton!
Makhleb accepts your kill.
You feel better.
* * * LOW HITPOINT WARNING * * *
You start resting.
A centaur is nearby!
Casting: Airstrike (dangerous; 2% risk of failure)
Confirm with . or Enter, or press ? or * to list all spells.
Aiming: Airstrike (dangerous; 2% risk of failure)
Press: ? - help, Dir - move target, f - centaur
Aim: a centaur, quivering arrows and carrying a wand of iceblast (13) (wandering, hasn't noticed you)
The air twists around and strikes the centaur!
The centaur shouts!
The centaur is heavily wounded.
* * * LOW HITPOINT WARNING * * *
The centaur wields a +0 shortbow.
The centaur shoots an arrow.
The arrow hits you.
* * * LOW HITPOINT WARNING * * *
The centaur shoots an arrow.
The arrow hits you!
* * * LOW HITPOINT WARNING * * *
The centaur shoots an arrow.
The arrow hits you!
You die...

....... ...... ..... ..$.
### ".. # ..
....####.##.#..#
.......#......##
................
........@........
.................?
######..................)
....... ................
.)).#####................
.<)...l..................
.)..#####..........)..>..
##### .#..>..c......!


You could see a centaur.

Vanquished Creatures
  An ice beast (D:5)
  An orc warrior (D:5)
  A necrophage (D:5)
  An ogre (D:5)
  2 centaurs (D:5)
  2 phantoms
  A bullfrog (D:6)
  A water moccasin zombie (D:5)
  A jelly (D:6)
  A bullfrog skeleton (D:5)
  An orc priest (D:5)
  2 centaur skeletons (D:6)
  A gnoll shaman (D:3)
  An orc wizard (D:5)
  2 iguanas
  A hound skeleton (D:4)
  A howler monkey zombie (D:6)
  8 gnolls
  5 adders
  2 ufetubi
  2 worms
  2 dart slugs
  5 orcs
  6 ball pythons
  5 bats
  10 endoplasms
  6 giant cockroaches
  4 goblins
  5 hobgoblins
  4 jackals (D:1)
  6 kobolds
  2 quokkas
  6 frilled lizards
  7 rats
106 creatures vanquished.

Vanquished Creatures (collateral kills)
  An iguana (D:5)
  A frilled lizard (D:1)
  A kobold (D:1)
3 creatures vanquished.

Grand Total: 109 creatures vanquished

Notes
Turn   | Place    | Note
-------+----------+-------------------------------------------
     0 | D:1      | jestyr24 the Djinni Air Elementalist began the quest for
                  | the Orb.
     0 | D:1      | Reached XP level 1. HP: 15/15 MP: 0/0
   120 | D:1      | Reached skill level 3 in Spellcasting
   120 | D:1      | Reached XP level 2. HP: 9/21 MP: 0/0
   807 | D:1      | Found a faded altar of an unknown god.
   816 | D:1      | Reached XP level 3. HP: 24/25 MP: 0/0
   816 | D:1      | Learned a level 1 spell: Summon Small Mammal
  1416 | D:2      | Found a hazy altar of Hepliaklqana.
  1773 | D:2      | Reached XP level 4. HP: 28/31 MP: 0/0
  2560 | D:3      | Reached skill level 4 in Spellcasting
  2941 | D:3      | Reached XP level 5. HP: 24/35 MP: 0/0
  2941 | D:3      | Learned a level 2 spell: Wereblood
  2943 | D:3      | Reached skill level 1 in Shields
  3199 | D:3      | Found a burning altar of Makhleb.
  3204 | D:3      | Became a worshipper of Makhleb the Destroyer
  4132 | D:4      | Found a broken altar of Ashenzari.
  4139 | D:4      | Noticed a phantom
  4149 | D:4      | Killed a phantom
  4150 | D:4      | Reached XP level 6. HP: 32/40 MP: 0/0
  4224 | D:4      | Reached skill level 5 in Spellcasting
  4991 | D:4      | Identified the +11 plate armour "Zitry" {Rampage rCorr
                  | Int+2}
  5198 | D:5      | Entered Level 5 of the Dungeon
  5858 | D:5      | Noticed an ice beast
  5879 | D:5      | Killed an ice beast
  5880 | D:5      | Reached XP level 7. HP: 23/45 MP: 0/0
  5880 | D:5      | Learned a level 3 spell: Inner Flame
  6102 | D:5      | Found a staircase to the Ecumenical Temple.
  6116 | D:5      | Reached skill level 6 in Spellcasting
  6130 | Temple   | Entered the Ecumenical Temple
  6803 | D:5      | Reached skill level 7 in Spellcasting
  6915 | D:5      | Reached XP level 8. HP: 40/50 MP: 0/0
  7537 | D:6      | Reached * piety under Makhleb
  7540 | D:6      | Noticed Menkaure
  8009 | D:6      | Reached skill level 8 in Spellcasting
  8053 | D:6      | Shot with an arrow by a centaur

Illustrated notes

Levels and vault maps discovered:
D:1:      dpeg_arrival_three_same_balls, layout_loops_ring,
          hellmonk_ecumenical_altar_lost_god, minmay_strange_pillars,
          grunt_decor_one_mirror
D:2:      minmay_wonky_spiral, layout_loops_ring, basic_altar,
          hangedman_decor_clover_reticule, minivault_5
D:3:      layout_loops_cross, lemuel_crystal_altar, kennysheep_generic_room_6
D:4:      layout_layer_cave, amcnicky_altar_gilded
D:5:      layout_layer_cave, minmay_temple_entry_proselytizer
D:6:      layout_rooms, uniq_blork_the_orc, uniq_menkaure
Temple:   chequers_temple_sunken

Skill      XL: |  1  2  3  4  5  6  7  8 |
---------------+-------------------------+-----
Spellcasting   | 3 4 5 7 8 |  8.3
Stealth        | 2 |  2.4
Shields        | 1 |  1.8
Dodging        | |  2.9

Action                   |  1- 3 |  4- 6 |  7- 9 || total
-------------------------+-------+-------+-------++-------
 Cast: Shock             |    65 |   119 |    37 ||   221
       Summon Small Mamm |     5 |     5 |     2 ||    12
       Static Discharge  |       |     5 |     7 ||    12
       Swiftness         |       |     2 |     1 ||     3
       Airstrike         |       |     1 |    16 ||    17
       Inner Flame       |       |       |     7 ||     7
  Use: Scroll            |       |    10 |       ||    10
       Potion            |       |     2 |       ||     2
Armor: Robe              |     2 |     4 |     3 ||     9
Dodge: Dodged            |     9 |    34 |     9 ||    52

Table legend: (Time is in decaauts)
 A = Elapsed time spent in this place.
 B = Non-inter-level travel time spent in this place.
 C = Inter-level travel time spent in this place.
 D = Time resting spent in this place.
 E = Time spent auto-exploring this place.
 F = Levels seen in this place.
 G = Mean time per level.
                   A        B        C        D        E       F      G
               +--------+--------+--------+--------+--------+-----+--------+
         Total |   8051 |   7804 |    247 |   1681 |   5448 |   7 | 1150.1 |
       Dungeon |   8049 |   7802 |    247 |   1681 |   5448 |   6 | 1341.5 |
        Temple |      1 |      1 |      0 |      0 |      0 |   1 |    1.0 |
               +--------+--------+--------+--------+--------+-----+--------+

Top non-repeatable levels by time:
     D:5: 2749 daAuts
     D:4: 1570 daAuts
     D:2: 1494 daAuts
     D:1: 1196 daAuts
     D:3: 933 daAuts
     D:6: 104 daAuts
  Temple: 1 daAuts
